 Dungeon Crawl Stone Soup version 0.29.1-15-g9cfb28693d (webtiles) character file.

Game seed: 7399303350057398308

21457 javelincjr the Thaumaturge (level 12, -5/92 HPs)
             Began as a Demonspawn Hedge Wizard on Apr 2, 2023.
             Was a High Priest of Sif Muna.
             Slain by a skeletal warrior
             ... wielding a +0 scimitar
              (14 damage)
             ... on level 12 of the Dungeon.
             The game lasted 01:27:04 (20378 turns).

javelincjr the Thaumaturge (DsHW)                  Turns: 20378, Time: 01:27:04

Health: -5/92      AC: 24    Str: 17    XL:     12   Next: 54%
Magic:  12/24      EV: 14    Int: 23    God:    Sif Muna [*****.]
Gold:   725        SH:  0    Dex: 13    Spells: 10/28 levels left

rFire   . . .      SeeInvis +   S - +4 rapier of Taroygop {flame, rElec SInv Stlth+}
rCold   + + +      Faith    +   (no shield)
rNeg    . . .      Spirit   .   Z - +1 troll leather armour
rPois   .          Reflect  .   c - +0 hat
rElec   +          Harm     .   h - +0 cloak
rCorr   .          Rampage  .   B - +1 pair of gloves
Will    ++...                   m - +2 pair of boots
Stlth   ++........              H - amulet of faith
HPRegen 1.05/turn               J - ring of the Grinning Jester {rC+++ Will+ Str+2 Slay+3 Stlth-}
MPRegen 0.19/turn               x - ring of Pantheism {Will+ Str+2 Int+5}

@: sanguine armoured
A: ignite blood 2, sanguine armour 3, demonic touch 2
a: Renounce Religion, Channel Magic, Forget Spell, Divine Exegesis


You were on level 12 of the Dungeon.
You worshipped Sif Muna.
Sif Muna was extremely pleased with you.
You visited 2 branches of the dungeon, and saw 14 of its levels.

You collected 761 gold pieces.
You spent 36 gold pieces at shops.

Inventory:

Hand Weapons
 j - a +1 hand axe of distortion
 r - a +2 dagger of protection
 s - a +3 spear of flaming
 I - a +9 flail
 M - a +4 hand axe
 Q - a +2 arbalest of freezing
 S - the +4 rapier of Taroygop (weapon) {flame, rElec SInv Stlth+}
   (You found it on level 11 of the Dungeon)

   It burns those it strikes, dealing additional fire damage.
   rElec:     It insulates you from electricity.
   SInv:      It lets you see invisible.
   Stlth:     It makes you more stealthy.
Missiles
 n - 5 datura-tipped darts
 F - 40 poisoned darts
 N - 3 curare-tipped darts
Armour
 c - a +0 hat (worn)
 h - a +0 cloak (worn)
 m - a +2 pair of boots (worn)
 v - a +2 ring mail of cold resistance
 y - a +1 kite shield of positive energy
 B - a +1 pair of gloves (worn)
 D - a +2 chain mail of cold resistance
 G - a +0 ring mail of poison resistance
 K - +0 steam dragon scales
 Z - a +1 troll leather armour (worn)
Magical Staves
 O - a staff of earth
Jewellery
 b - a ring of protection from fire
 f - a ring of magical power
 w - an amulet of the acrobat
 x - the ring of Pantheism (right hand) {Will+ Str+2 Int+5}
   (You found it on level 3 of the Dungeon)

   [ring of willpower]

   Str:       It affects your strength (+2).
   Int:       It affects your intelligence (+5).
   Will:      It increases your willpower.
 C - a ring of flight
 H - an amulet of faith (around neck)
 J - the ring of the Grinning Jester (left hand) {rC+++ Will+ Str+2 Slay+3 Stlth-}
   (You acquired it on level 9 of the Dungeon)

   [ring of willpower]

   Str:       It affects your strength (+2).
   Slay:      It affects your accuracy & damage with ranged weapons and melee
   (+3).
   rC:        It renders you almost immune to cold.
   Will:      It increases your willpower.
   Stlth:     It makes you less stealthy.
 L - a ring of wizardry
 W - a ring of ice
 X - a +6 ring of dexterity
Wands
 a - a wand of polymorph (6)
 q - a wand of mindburst (8)
 Y - a wand of paralysis (3)
Scrolls
 i - 3 scrolls of blinking
 o - 8 scrolls of teleportation
 t - 2 scrolls of immolation
 A - a scroll of summoning
 P - a scroll of butterflies
 R - a scroll of enchant armour
 U - a scroll of fear
Potions
 d - 2 potions of magic
 e - 3 potions of curing
 g - a potion of brilliance
 k - 3 potions of flight
 l - a potion of berserk rage
 p - 4 potions of might
 u - 2 potions of ambrosia
 z - 5 potions of lignification
 E - 3 potions of haste
 T - 2 potions of heal wounds
 V - a potion of cancellation


   Skills:
 * Level 7.9 Fighting
 - Level 3.2 Short Blades
 + Level 2.3 Maces & Flails
 + Level 5.8 Armour
 + Level 6.0 Dodging
 - Level 3.2 Stealth
 * Level 8.8 Spellcasting
 + Level 6.4 Conjurations
 + Level 6.5 Summonings
 + Level 6.0 Translocations
 + Level 3.8 Air Magic
 + Level 4.4 Earth Magic
 + Level 4.3 Poison Magic
 + Level 6.2 Invocations


You had 10 spell levels left.
You knew the following spells:

 Your Spells              Type           Power      Damage    Failure   Level
a - Magic Dart            Conj           100%       1d8       1%          1
b - Blink                 Tloc           74%        N/A       1%          2
c - Call Imp              Summ           40%        N/A       1%          2
d - Mephitic Cloud        Conj/Pois/Air  32%        N/A       3%          3
e - Stone Arrow           Conj/Erth      70%        3d11      2%          3
f - Call Canine Familiar  Summ           40%        N/A       1%          3
g - Olgreb's Toxic Radia  Pois           30%        N/A       13%         4

Your spell library contained the following spells:

 Spells                   Type           Power      Damage    Failure   Level
 Apportation              Tloc           74%        N/A       1%          1
 Sandblast                Erth           60%        2d14      1%          1
 Gell's Gravitas          Tloc           37%        N/A       1%          3
 Poisonous Vapours        Pois/Air       58%        N/A       2%          2
 Sting                    Tmut/Pois      80%        1d7       3%          1
 Passwall                 Tmut/Erth      16%        N/A       4%          2
 Conjure Flame            Conj/Fire      25%        6-21      6%          3
 Portal Projectile        Hex/Tloc       48%        N/A       7%          3
 Slow                     Hex            40%        N/A       8%          1
 Spider Form              Tmut/Pois      20%        N/A       10%         3
 Ensorcelled Hibernation  Hex/Ice        20%        N/A       12%         2
 Ignite Poison            Fire/Tmut/Pois 16%        N/A       13%         3
 Ozocubu's Armour         Ice            10%        N/A       22%         3
 Leda's Liquefaction      Hex/Erth       10%        N/A       30%         4
 Freezing Cloud           Conj/Ice/Air   13%        6-21      45%         5
 Anguish                  Hex/Necr       5%         N/A       58%         4
 Ice Form                 Ice/Tmut       10%        N/A       58%         4
 Summon Cactus Giant      Summ           20%        N/A       63%         6
 Spellforged Servitor     Conj/Summ      19%        N/A       99%         7
 Ozocubu's Refrigeration  Ice            5%         4d8       100%        7
 Disjunction              Tloc           18%        N/A       100%        8


Dungeon Overview and Level Annotations

Branches:
Dungeon (13/15)            Temple (1/1) D:7            Lair (0/5) D:11
    Orc (0/2) D:10         Vaults (0/5) D:13

Altars:
Ashenzari
Cheibriados
Dithmenos
Fedhas
Gozag
Hepliaklqana
Kikubaaqudgha
Makhleb
Nemelex Xobeh
Okawaru
Qazlal
Ru
Sif Muna
Trog
Uskayaw
Vehumet
Wu Jian
Xom
Yredelemnul

Shops:
D:3 *   D:4 *   D:11 [


Innate Abilities, Weirdness & Mutations

Your demonic aura often causes spilled blood to erupt in flames.
When seriously injured, your blood forms very thick armour. (AC +12)
Your touch may inflict irresistible damage on your foes.


Message History

Your hound bites the skeletal warrior but does no damage.
You hit the skeletal warrior. You burn the skeletal warrior.
You touch the skeletal warrior!
The skeletal warrior is heavily damaged.
Your hound is engulfed in blazing flames.
Your hound barely misses the skeletal warrior.
The skeletal warrior is engulfed in blazing flames.
The skeletal warrior hits you but does no damage.
The skeletal warrior hits you with a +0 scimitar!
You closely miss the skeletal warrior.
You touch the skeletal warrior!
The skeletal warrior is severely damaged.
Your hound is engulfed in blazing flames.
You kill your hound!
Your hound's corpse disappears in a puff of smoke!
The skeletal warrior is engulfed in blazing flames.
The skeletal warrior hits you but does no damage.
The skeletal warrior barely misses you.
Casting: Stone Arrow (mildly dangerous; 2% risk of failure)
Confirm with . or Enter, or press ? or * to list all spells.
You blink.
The skeletal warrior attacks as you move away!
The skeletal warrior hits you with a +0 scimitar!!
* * * LOW HITPOINT WARNING * * *
You are too injured to fight recklessly!
Casting: Blink (safe; 1% risk of failure)
Confirm with . or Enter, or press ? or * to list all spells.
Aiming: Stone Arrow (mildly dangerous; 2% risk of failure)
Press: ? - help, Shift-Dir - straight line, f/p - skeletal warrior
Aim: a skeletal warrior, wielding a +0 war axe (almost destroyed, 74% to hit)
The stone arrow hits the skeletal warrior!
The skeletal warrior is heavily damaged.
You feel stable enough to blink again.
Casting: Stone Arrow (mildly dangerous; 2% risk of failure)
Confirm with . or Enter, or press ? or * to list all spells.
A beastly little devil appears in a puff of flame.
The skeletal warrior hits you with a +0 scimitar!!
* * * LOW HITPOINT WARNING * * *
The skeletal warrior attacks as you move away!
The skeletal warrior hits you with a +0 scimitar!
You die...

#################
#.#.............#
#...............#
#.#[............#####
#.#>........)........
#......#...####.#####
#...z............#
#.5○○z...........#
#...@........[...####
###.####.............
### ######..######
#......# #...##.#
#...##.### #...##....
##...#####.
#..........


You could see 2 skeletal warriors and a friendly crimson imp (summoned).

Vanquished Creatures
  Kirke (D:12)
  Nessos (D:12)
  Fannar (D:12)
  3 vault guards (D:13)
  A hydra (D:13)
  A centaur warrior (D:13)
  A two-headed ogre (D:12)
  A skeletal warrior (D:12)
  An unseen horror (D:12)
  A tengu conjurer (D:13)
  An efreet (D:13)
  2 komodo dragons (D:12)
  4 kobold demonologists
  Grinder (D:6)
  3 meliai (D:10)
  2 trolls (D:12)
  A slime creature (D:12)
  A wyvern (D:10)
  A shadow (D:13)
  Eustachio (D:4)
  4 hogs (D:12)
  3 vampire mosquitoes (D:11)
  2 steam dragons
  Menkaure (D:5)
  An acid dragon (D:11)
  A black bear (D:5)
  6 orc warriors
  A sky beast (D:8)
  3 ice beasts
  An ogre (D:5)
  4 centaurs
  A phantom (D:6)
  6 kobold brigands
  3 bullfrogs
  A necrophage (D:5)
  3 scorpions
  A gnoll sergeant (D:8)
  6 wights
  10 killer bees
  11 howler monkeys
  2 hounds (D:6)
  8 orc priests
  4 gnoll boudas
  3 iguanas
  15 orc wizards
  19 gnolls
  7 adders
  A shadow imp (D:8)
  2 white imps
  2 ufetubi
  2 worms
  2 dart slugs
  32 orcs
  7 endoplasms
  3 giant cockroaches
  10 goblins
  10 hobgoblins
  2 jackals (D:4)
  30 kobolds
  4 quokkas
  2 ball pythons
  7 bats
  4 frilled lizards
  2 rats (D:2)
278 creatures vanquished.

Vanquished Creatures (collateral kills)
  A vault guard (D:13)
  A water moccasin (D:5)
  An orc warrior (D:9)
  Blork the orc (D:5)
  A gnoll sergeant (D:10)
  2 scorpions
  A necrophage (D:8)
  A wight (D:9)
  4 killer bees
  A hound (D:5)
  2 iguanas (D:5)
  5 gnolls
  An adder (D:5)
  A white imp (D:5)
  6 orcs
  A hobgoblin (D:3)
  A jackal (D:4)
31 creatures vanquished.

Vanquished Creatures (others)
  35 plants (D:3)
35 creatures vanquished.

Grand Total: 344 creatures vanquished

Notes
Turn   | Place    | Note
-------+----------+-------------------------------------------
     0 | D:1      | javelincjr the Demonspawn Hedge Wizard began the quest for
                  | the Orb.
     0 | D:1      | Reached XP level 1. HP: 13/13 MP: 4/4
   288 | D:1      | Reached skill level 1 in Translocations
   418 | D:1      | Gained mutation: Your touch may inflict minor irresistible
                  | damage on your foes. [demonic ancestry]
   418 | D:1      | Reached XP level 2. HP: 20/20 MP: 6/6
  1184 | D:2      | Reached skill level 1 in Fighting
  1184 | D:2      | Reached XP level 3. HP: 26/26 MP: 7/7
  1834 | D:2      | Gained mutation: Your touch may inflict irresistible damage
                  | on your foes. [demonic ancestry]
  1834 | D:2      | Reached XP level 4. HP: 32/32 MP: 9/9
  2259 | D:3      | Learned a level 2 spell: Blink
  2262 | D:3      | Learned a level 2 spell: Call Imp
  2574 | D:3      | Identified the ring of Pantheism {Will+ Str+2 Int+5}
  2607 | D:3      | Noticed a centaur
  2615 | D:3      | Killed a centaur
  2616 | D:3      | Reached skill level 1 in Armour
  2616 | D:3      | Reached XP level 5. HP: 35/38 MP: 10/10
  3397 | D:3      | Found a shimmering blue altar of Sif Muna.
  3422 | D:3      | Became a worshipper of Sif Muna the Loreminder
  3630 | D:3      | Found Xutatroko's General Store.
  3638 | D:3      | Bought a scroll of teleportation for 36 gold pieces
  3940 | D:4      | Found Boijack's Serpentskin Sales.
  3941 | D:4      | Noticed a water moccasin
  3942 | D:4      | Banished a water moccasin
  3943 | D:4      | Reached skill level 4 in Spellcasting
  3943 | D:4      | Reached XP level 6. HP: 43/46 MP: 12/12
  4260 | D:4      | Noticed Eustachio
  5021 | D:4      | You fall into a shaft and drop 2 floors!
  5077 | D:6      | Noticed an ice beast
  5146 | D:6      | Noticed Grinder
  5194 | D:6      | Killed Grinder
  5195 | D:6      | Gained mutation: Your demonic aura sometimes causes spilled
                  | blood to erupt in flames. [demonic ancestry]
  5195 | D:6      | Reached XP level 7. HP: 15/52 MP: 7/13
  5606 | D:5      | Entered Level 5 of the Dungeon
  5607 | D:5      | Reached * piety under Sif Muna
  5609 | D:5      | Noticed Menkaure
  5613 | D:5      | HP: 2/53 [gnoll/+0 spear[a gnoll bouda] (6)]
  5641 | D:4      | HP: 1/53 [gnoll bouda/+0 club (2)]
  6153 | D:4      | Killed Eustachio
  6637 | D:5      | Noticed Blork the orc
  6650 | D:5      | Killed Blork the orc
  6651 | D:5      | Reached skill level 5 in Spellcasting
  6651 | D:5      | Gained mutation: When seriously injured, your blood forms
                  | armour. (AC +12) [demonic ancestry]
  6651 | D:5      | Reached XP level 8. HP: 13/60 MP: 15/15
  7948 | D:5      | Found a hide-covered altar of Uskayaw.
  7977 | D:5      | Reached skill level 5 in Fighting
  8421 | D:5      | Found a burning altar of Makhleb.
  8552 | D:5      | Noticed an angel
  8553 | D:5      | Noticed a cacodemon
  8883 | D:5      | Killed Menkaure
  8884 | D:5      | Gained mutation: When seriously injured, your blood forms
                  | thick armour. (AC +12) [demonic ancestry]
  8884 | D:5      | Reached XP level 9. HP: 68/68 MP: 17/17
  8894 | D:5      | Reached ** piety under Sif Muna
  9136 | D:6      | Reached skill level 6 in Spellcasting
  9384 | D:6      | Reached skill level 1 in Invocations
  9533 | D:6      | Reached skill level 1 in Short Blades
  9771 | D:6      | Found a burning altar of Makhleb.
 10172 | D:6      | Learned a level 3 spell: Mephitic Cloud
 10176 | D:6      | Learned a level 3 spell: Stone Arrow
 10213 | D:7      | Found an iron altar of Okawaru.
 10566 | D:7      | Found a staircase to the Ecumenical Temple.
 10590 | Temple   | Entered the Ecumenical Temple
 11264 | Temple   | Reached skill level 7 in Spellcasting
 11264 | Temple   | Reached skill level 5 in Conjurations
 11264 | Temple   | Reached skill level 5 in Summonings
 11264 | Temple   | Reached XP level 10. HP: 76/76 MP: 21/21
 11269 | Temple   | Learned a level 3 spell: Call Canine Familiar
 11413 | D:7      | Found a sacrificial altar of Ru.
 12154 | D:8      | Reached skill level 5 in Dodging
 13028 | D:9      | Found a shimmering altar of Xom.
 13074 | D:9      | Found a hazy altar of Hepliaklqana.
 13078 | D:9      | Found a faded altar of an unknown god.
 13204 | D:9      | Reached *** piety under Sif Muna
 13461 | D:9      | Learned a level 4 spell: Olgreb's Toxic Radiance
 14005 | D:9      | Reached skill level 5 in Translocations
 14009 | D:9      | Identified a scroll of acquirement
 14009 | D:9      | Acquired the ring of the Grinning Jester {rC+++ Will+ Str+2
                  | Slay+3 Stlth-}
 14230 | D:10     | Entered Level 10 of the Dungeon
 14492 | D:10     | Gained mutation: Your demonic aura often causes spilled
                  | blood to erupt in flames. [demonic ancestry]
 14492 | D:10     | Reached XP level 11. HP: 16/82 MP: 3/22
 14791 | D:10     | Reached **** piety under Sif Muna
 15147 | D:10     | Reached skill level 5 in Armour
 16029 | D:10     | Found a staircase to the Orcish Mines.
 16134 | D:11     | Found a staircase to the Lair.
 16307 | D:11     | Found Vuku's Antique Armour Shop.
 16314 | D:11     | Got Gell's Folio of Direction
 16513 | D:11     | Identified the +4 rapier of Taroygop {flame, rElec SInv
                  | Stlth+}
 16891 | D:11     | Reached skill level 8 in Spellcasting
 17134 | D:11     | Identified the +0 ring mail of the Volcano {Int+3}
 17855 | D:12     | Noticed Nessos
 17873 | D:12     | Killed Nessos
 17874 | D:12     | Reached skill level 5 in Invocations
 18266 | D:12     | Noticed a two-headed ogre
 18280 | D:12     | Killed a two-headed ogre
 18281 | D:12     | Reached skill level 1 in Maces & Flails
 18761 | D:12     | Noticed Kirke
 18772 | D:12     | Reached ***** piety under Sif Muna
 18778 | D:12     | Killed Kirke
 18778 | D:12     | Received a gift from Sif Muna
 18779 | D:12     | Got Sif Muna's Compendium of Mustering and Glaciation {god
                  | gift}
 18938 | D:12     | Noticed Fannar
 18955 | D:12     | Killed Fannar
 18956 | D:12     | Gained mutation: When seriously injured, your blood forms
                  | very thick armour. (AC +12) [demonic ancestry]
 18956 | D:12     | Reached XP level 12. HP: 91/91 MP: 15/24
 19204 | D:13     | Noticed a vault guard
 19207 | D:13     | Noticed a vault guard
 19208 | D:13     | Noticed a vault guard
 19415 | D:13     | Killed a vault guard
 19443 | D:13     | Found a gate to the Vaults.
 19477 | D:13     | Noticed a centaur warrior
 19616 | D:13     | Killed a centaur warrior
 19729 | D:13     | Killed a vault guard
 19861 | D:13     | Noticed a vault guard
 19870 | D:13     | Killed a vault guard
 19907 | D:13     | Killed a vault guard
 20192 | D:13     | Noticed a six-headed hydra
 20198 | D:13     | Killed a six-headed hydra
 20378 | D:12     | Slain by a skeletal warrior

Illustrated notes

Levels and vault maps discovered:
D:1:      shiori_arrival_oz, layout_loops_cross, serial_glass, glass_columns_a,
          glass_columns_c, glass_columns_b, glass_columns_b
D:2:      minmay_alternating_diamond, layout_loops_cross
D:3:      layout_loops_ring, kennysheep_orc_sif_temple, serial_shops,
          nicolae_shop_hallway_stairs, grunt_ministairs_3, serial_bayou_lagoon_a
D:4:      layout_layer_cave, guppyfry_shop_venom, uniq_eustachio
D:5:      layout_loops_corners, general_overflow_altar,
          grunt_temple_overflow_order_and_chaos_2, uniq_menkaure,
          uniq_blork_the_orc
D:6:      layout_cave_pods, minmay_ruined_shrine, uniq_grinder
D:7:      layout_gridville, mainiacjoe_overflow_alcove_4,
          mainiacjoe_overflow_surrounded_room, minmay_temple_entry_purple_smoke,
          sigmund_army
D:8:      layout_loops_corners, nicolae_tso_carved_into_rock,
          kennysheep_generic_room_8
D:9:      layout_stronghold, lemuel_round_altar,
          beargit_hepliaklqana_dungeon_heroes, minmay_misc_feat_tower
D:10:     layout_basic, david_orc_4
D:11:     layout_layer_cave, lair_entry_dummy, serial_shops,
          nicolae_diamond_shop, minivault_16
D:12:     layout_basic, uniq_nessos, uniq_kirke, uniq_fannar
D:13:     hangedman_what_comes_after_a, layout_stronghold,
          lightli_vaults_fourway_checkpoint, minivault_16,
          corexii_hall_statues_i
Temple:   oiseaux_autumnal_temple

Skill      XL: |  1  2  3  4  5  6  7  8  9 10 11 12 |
---------------+-------------------------------------+-----
Translocations | 1 2 3 4 5 6 |  6.0
Fighting       | 1 2 3 4 5 6 7 |  7.9
Dodging        | 2 3 4 5 6 |  6.0
Armour         | 1 2 3 4 5 |  5.8
Conjurations   | 2 3 5 6 |  6.4
Summonings     | 2 3 4 5 6 |  6.5
Spellcasting   | 4 5 7 8 |  8.8
Invocations    | 4 5 6 |  6.2
Short Blades   | 2 3 |  3.2
Stealth        | 3 |  3.2
Air Magic      | 2 3 |  3.8
Earth Magic    | 2 3 4 |  4.4
Poison Magic   | 2 3 4 |  4.3
Maces & Flails | 1 2 |  2.3

Action                   |  1- 3 |  4- 6 |  7- 9 | 10-12 || total
-------------------------+-------+-------+-------+-------++-------
Melee: Dagger            |    20 |    43 |   207 |    32 ||   302
       Touch             |     3 |    21 |    46 |    34 ||   104
       Punch             |       |     4 |     3 |     2 ||     9
       Hand axe          |       |    72 |     9 |       ||    81
       Flail             |       |       |       |    65 ||    65
       Rapier            |       |       |       |    70 ||    70
 Cast: Magic Dart        |    79 |    39 |    96 |    11 ||   225
       Call Imp          |       |    12 |    42 |     9 ||    63
       Blink             |       |     1 |     3 |     3 ||     7
       Stone Arrow       |       |       |     6 |   160 ||   166
       Mephitic Cloud    |       |       |     1 |     6 ||     7
       Call Canine Famil |       |       |       |    43 ||    43
       Olgreb's Toxic Ra |       |       |       |    10 ||    10
  Use: Potion            |       |       |     3 |     3 ||     6
       Scroll            |       |       |    18 |     9 ||    27
 Stab: Sleeping          |     2 |     6 |       |     1 ||     9
       Distracted        |       |       |     1 |       ||     1
       Confused          |       |       |     1 |       ||     1
Armor: Robe              |    17 |    41 |    73 |       ||   131
       Steam dragon scal |       |       |    27 |    92 ||   119
       Ring mail         |       |       |       |     9 ||     9
       Troll leather arm |       |       |       |    31 ||    31
Dodge: Dodged            |    26 |    68 |   169 |   198 ||   461
